 Dungeon Crawl Stone Soup version 0.29-a0-1009-g60c99734e7 (webtiles) character file.

Game seed: 8827149683637535596

3908 xian the Basher (level 10, -12/90 HPs)
             Began as a Minotaur Fighter on Aug 9, 2022.
             Was a Follower of Ashenzari.
             Mangled by an orc warlord
             ... wielding a +4 battleaxe
              (23 damage)
             ... in a bailey.
             The game lasted 00:28:19 (7366 turns).

xian the Basher (Minotaur Fighter)                  Turns: 7366, Time: 00:28:19

Health: -12/90     AC: 12    Str: 31    XL:     10   Next: 1%
Magic:  12/12      EV:  9    Int:  5    God:    Ashenzari [*.....]
Gold:   310        SH:  5    Dex: 10    Spells: 13/13 levels left

rFire   . . .      SeeInvis .   C - +4 morningstar
rCold   . . .      Faith    .   c - +0 buckler
rNeg    . . .      Spirit   .   s - +0 chain mail
rPois   .          Reflect  .   (helmet restricted)
rElec   .          Harm     .   (no cloak)
rCorr   .          Rampage  .   (no gloves)
Will    .....                   l - +0 pair of boots "Share My Fetters" {Evo, Self} (curse)
Stlth   ..........              n - amulet of the acrobat
HPRegen 0.25/turn               A - ring of the Bound God {Str+6, Bglg, Melee} (curse)
MPRegen 0.13/turn               (no ring)

@: mighty
A: horns 2, retaliatory headbutt
a: Renounce Religion, Curse Item, Shatter the Chains


You were in a bailey.
You worshipped Ashenzari.
Ashenzari was aware of your devotion.
You visited 2 branches of the dungeon, and saw 8 of its levels.
You also visited: Ossuary and Bailey.

You collected 310 gold pieces.

Inventory:

Hand Weapons
 e - a +0 sling
 C - a +4 morningstar (weapon)
 D - the +2 hand axe of the Unliving {flame, rC+}
   (You found it on level 7 of the Dungeon)

   It burns those it strikes, dealing additional fire damage.
   Big, fiery blades are also staple armaments of hydra-hunters.
   rC:        It protects you from cold.
Missiles
 u - 8 poisoned darts (quivered)
 z - 6 javelins
Armour
 c - a +0 buckler (worn)
 l - the cursed +0 pair of boots "Share My Fetters" (worn) {Evo, Self}
   (You found it on level 1 of the Dungeon)

   It has a curse which improves the following skills: Evocations: Evocations.
   Introspection: Fighting and Spellcasting.
 s - a +0 chain mail (worn)
 B - an orb of energy
Jewellery
 a - a ring of fire
 n - an amulet of the acrobat (around neck)
 A - the cursed ring of the Bound God (left hand) {Str+6, Bglg, Melee}
   (You found it on level 5 of the Dungeon)

   [ring of strength]

   Str:       It affects your strength (+6).
   It has a curse which improves the following skills: Beguiling: Conjurations,
   Hexes and Translocations.
   Melee Combat: Short Blades, Long Blades, Axes, Maces & Flails, Polearms,
   Staves and Unarmed Combat.
Wands
 q - a wand of polymorph (8)
 y - a wand of light (7)
Scrolls
 g - 5 scrolls of teleportation
 k - 6 scrolls of fear
 r - 2 scrolls of amnesia
 w - 2 scrolls of immolation
 E - a scroll of butterflies
 F - 2 scrolls of blinking
Potions
 b - a potion of flight
 d - 2 potions of might
 f - a potion of curing
 h - 2 potions of invisibility
 i - 2 potions of cancellation
 j - a potion of attraction
 m - a potion of mutation
 o - 2 potions of lignification
 p - a potion of berserk rage
 t - 3 potions of heal wounds
 v - a potion of magic
 x - 2 potions of brilliance


   Skills:
 * Level 7.7(8.6) Fighting
 * Level 12.0(12.8) Maces & Flails
 + Level 0.1 Throwing
 + Level 8.4 Armour
 + Level 3.7 Dodging
 + Level 0.3 Stealth
 + Level 6.0 Shields
 * Level 1.3(2.0) Spellcasting


You had 13 spell levels left.
You didn't know any spells.
Your spell library contained the following spells:

 Spells                   Type           Power      Damage    Failure   Level
 Magic Dart               Conj           0%         1d3       91%         1
 Searing Ray              Conj           0%         2d4       97%         2
 Sublimation of Blood     Necr           0%         N/A       98%         2
 Gell's Gravitas          Tloc           0%         N/A       100%        3
 Teleport Other           Tloc           0%         N/A       100%        3
 Fulminant Prism          Conj/Hex       0%         3d6       100%        4
 Petrify                  Tmut/Erth      0%         N/A       100%        4
 Blade Hands              Tmut           0%         N/A       100%        5
 Irradiate                Conj/Tmut      0%         3d11      100%        5
 Dispersal                Tloc           0%         N/A       100%        6
 Dragon Form              Tmut           0%         N/A       100%        7


Dungeon Overview and Level Annotations

Branches:
Dungeon (7/15)             Temple (1/1) D:4         Ossuary (visited)
 Bailey (1/1)

Altars:
Ashenzari
Dithmenos
Kikubaaqudgha
Nemelex Xobeh
Qazlal
Ru
Trog
Uskayaw
The Shining One

Annotations:
D:5 1 runed translucent door


Innate Abilities, Weirdness & Mutations

You have a pair of horns on your head.
You reflexively headbutt those who attack you in melee.


Message History

Things that are here:
a +0 war axe; a +0 scale mail; an orc skeleton
Things that are here:
a +0 hand axe; a +0 leather armour; a gnoll skeleton
There is an open door, spattered with blood here.
Items here: )))))) [[[[[[ ÷÷÷.
You feel very mighty all of a sudden.
The orc warrior hits you with a +0 war axe!
You barely miss the orc warrior. The orc warrior closely misses you.
You furiously retaliate!
You headbutt the orc warrior! You closely miss the orc warrior.
Your headbutt misses the orc warrior.
The orc warrior is severely wounded.
The orc warrior hits you with a +0 war axe!
The hobgoblin hits you but does no damage.
You impale the orc warrior!!
You kill the orc warrior!
The orc warrior no longer looks unusually strong.
The hobgoblin hits you with a +0 hand axe.
Your Maces & Flails skill increases to level 12!
You have reached level 10!
You sock the goblin!
You kill the goblin!
You block the orc warrior's attack.
The hobgoblin hits you but does no damage.
The orc warlord roars a battlecry!
The orc warrior goes into a battle-frenzy!
Items here: ))) [[[ ÷.
You closely miss the orc warlord.
The orc warrior hits you with a +0 war axe!
The hobgoblin barely misses you.
The orc warlord hits you with a +4 battleaxe!!
You sock the orc warlord!
The orc warlord is lightly wounded.
The orc sings a few bars from the Orcish anthem.
The orc warrior hits you with a +0 war axe!
* * * LOW HITPOINT WARNING * * *
The hobgoblin hits you with a +0 hand axe.
* * * LOW HITPOINT WARNING * * *
The orc warlord hits you with a +4 battleaxe!!
You die...

###.....###.###...
###.
##.........###..... ##
#..........8##....o #
#..........8#...... #
#∩....⌠.....o...... #
#.........o8#..o... #
#.......g.o8# ...o. #
##.....ooo.### .... ##
###...g@###.###...
###.
###.#)#.....###.###...
###.).......###.....
#...........#......
#...........#......
#.....⌠.....#.....⌠
#...........'......
#...........#......
##.........###.....


You could see an orc warlord, 3 orc warriors, 2 orcs, a hobgoblin and a goblin.

Vanquished Creatures
  A water moccasin (D:6)
  3 black bears
  10 orc warriors (Bailey)
  5 ogres
  3 centaurs
  A bullfrog (D:6)
  11 scorpions
  3 wights (D:6)
  4 killer bees (D:6)
  A howler monkey (D:6)
  2 centaur zombies (Ossuary)
  3 hounds
  2 human zombies (Ossuary)
  A jelly (D:5)
  4 iguanas (D:6)
  5 orc wizards (D:6)
  A scorpion zombie (Ossuary)
  The ghost of flotson the Sneak, a weakling DsDe (D:4)
  3 mummies (Ossuary)
  11 gnolls
  7 adders
  2 worms
  2 dart slugs
  16 orcs
  9 endoplasms
  4 gnoll zombies (Ossuary)
  23 goblins
  15 hobgoblins
  2 jackals (D:5)
  6 quokkas
  9 ball pythons
  4 bats
  6 frilled lizards
  A goblin skeleton (D:5)
  2 goblin zombies (Ossuary)
  6 kobolds
  A kobold skeleton (D:5)
  A kobold zombie (Ossuary)
  2 orc zombies (Ossuary)
  4 rats
197 creatures vanquished.

Vanquished Creatures (collateral kills)
  A hobgoblin zombie (Ossuary)
1 creature vanquished.

Grand Total: 198 creatures vanquished

Notes
Turn   | Place    | Note
-------+----------+-------------------------------------------
     0 | D:1      | xian the Minotaur Fighter began the quest for the Orb.
     0 | D:1      | Reached XP level 1. HP: 19/19 MP: 0/0
   295 | D:1      | Reached XP level 2. HP: 19/27 MP: 1/1
   639 | D:1      | Found a faded altar of an unknown god.
  1296 | D:2      | Reached XP level 3. HP: 33/33 MP: 2/2
  1728 | D:2      | Reached skill level 3 in Maces & Flails
  1881 | D:3      | Reached XP level 4. HP: 37/41 MP: 3/3
  2076 | D:3      | Found a sparkling altar of Nemelex Xobeh.
  2604 | D:4      | Found a staircase to the Ecumenical Temple.
  2616 | Temple   | Entered the Ecumenical Temple
  2642 | Temple   | Became a worshipper of Ashenzari the Shackled
  2782 | D:4      | Reached skill level 4 in Maces & Flails
  2931 | D:4      | Noticed a scorpion
  2937 | D:4      | Killed a scorpion
  2938 | D:4      | Reached skill level 1 in Dodging
  2938 | D:4      | Reached XP level 5. HP: 47/47 MP: 4/4
  2984 | D:4      | Noticed an ogre
  2986 | D:4      | Noticed flotson's ghost (weakling DsDe)
  2986 | D:4      | Identified the +8 dire flail "Qaergh" {drain, *Rage Dex+4
                  | Stlth+}
  2986 | D:4      | Noticed an ogre
  2987 | D:4      | Found a transporter.
  2987 | D:4      | Noticed an ogre
  2992 | D:4      | Found a transporter.
  3101 | D:4      | Reached skill level 5 in Fighting
  3246 | D:5      | Entered Level 5 of the Dungeon
  3277 | D:5      | Noticed a human
  3278 | D:5      | Found a runed translucent door.
  3312 | D:5      | Reached skill level 5 in Maces & Flails
  3332 | D:5      | Noticed a centaur
  3344 | D:5      | Killed a centaur
  3345 | D:5      | Reached XP level 6. HP: 33/56 MP: 5/5
  3355 | D:5      | Found a sand-covered staircase.
  3365 | Ossuary  | Entered an ossuary
  3488 | Ossuary  | Reached skill level 5 in Armour
  3526 | Ossuary  | Reached skill level 6 in Maces & Flails
  3570 | Ossuary  | Reached XP level 7. HP: 46/61 MP: 6/6
  3951 | Ossuary  | Reached skill level 7 in Maces & Flails
  4072 | Ossuary  | Reached skill level 5 in Shields
  4190 | D:5      | Found an ancient bone altar of Kikubaaqudgha.
  4223 | D:5      | Reached XP level 8. HP: 70/70 MP: 7/7
  4381 | D:5      | Reached skill level 8 in Maces & Flails
  4796 | D:4      | Killed flotson's ghost
  4823 | D:4      | Reached skill level 9 in Maces & Flails
  5023 | D:6      | Found a shadowy altar of Dithmenos.
  5208 | D:6      | Reached XP level 9. HP: 70/78 MP: 8/8
  5583 | D:6      | Found a hide-covered altar of Uskayaw.
  5616 | D:6      | Reached skill level 10 in Maces & Flails
  5961 | D:6      | Reached * piety under Ashenzari
  6242 | D:6      | Reached skill level 11 in Maces & Flails
  6747 | D:7      | Identified the +2 hand axe of the Unliving {flame, rC+}
  6748 | D:7      | Found a flagged portal.
  6757 | Bailey   | Entered a bailey
  6925 | Bailey   | Reached skill level 1 in Spellcasting
  7349 | Bailey   | Noticed an orc warlord
  7363 | Bailey   | Reached skill level 12 in Maces & Flails
  7363 | Bailey   | Reached XP level 10. HP: 69/90 MP: 12/12
  7366 | Bailey   | Mangled by an orc warlord

Illustrated notes

Levels and vault maps discovered:
D:1:      dpeg_arrival_leaves_temple_mockup, layout_loops_corners,
          dreamdust_ecumenical_altar_angels_and_demons
D:2:      layout_rooms, kennysheep_generic_room_6
D:3:      cheibrodos_old_hovel, layout_loops_ring, nemelex_dance_club_becter,
          dk_vineyard_1
D:4:      layout_cave_pods, temple_pool_b, gammafunk_ghost_smash
D:5:      layout_rooms, dk_yredelemnul_ordeal, old_standard_altar,
          nicolae_ossuary_entry_false_entrances
D:6:      layout_layer_cave, mainiacjoe_overflow_six_doors_small,
          grunt_dithmenos_smoke_and_mirrors, nicolae_hexahallways
D:7:      layout_loops_ring, grunt_temple_overflow_gold_and_silver,
          old_standard_altar, mainiacjoe_overflow_tiny_flanked, enter_bailey_2,
          minmay_small_thing
Temple:   dpeg_three_leaves_temple
Bailey:   bailey_axe_minmay_hex_keep, bailey

Skill      XL: |  1  2  3  4  5  6  7  8  9 |
---------------+----------------------------+-----
Shields        | 4 5 6 |  6.0
Armour         | 4 5 7 8 |  8.4
Fighting       | 4 5 6 7 |  7.7
Maces & Flails | 3 4 5 6 7 9 12 | 12.0
Dodging        | 1 2 3 |  3.7
Spellcasting   | 1 |  1.3
Throwing       | |  0.1
Stealth        | |  0.3

Action                   |  1- 3 |  4- 6 |  7- 9 | 10-12 || total
-------------------------+-------+-------+-------+-------++-------
Melee: Flail             |   103 |   133 |   204 |       ||   440
       Headbutt          |    16 |    16 |    63 |       ||    95
       Morningstar       |       |       |    79 |     3 ||    82
Throw: Dart              |       |     2 |       |       ||     2
Invok: Curse Item        |       |       |     2 |       ||     2
Evoke: Wand              |       |       |     1 |       ||     1
  Use: Scroll            |     1 |       |    14 |       ||    15
       Potion            |       |       |     5 |       ||     5
Armor: Scale mail        |    48 |       |       |       ||    48
       Chain mail        |    17 |    83 |   107 |     1 ||   208
Dodge: Dodged            |    58 |   106 |   148 |     1 ||   313
Block: Buckler           |    18 |    42 |    67 |     1 ||   128

Table legend: (Time is in decaauts)
 A = Elapsed time spent in this place.
 B = Non-inter-level travel time spent in this place.
 C = Inter-level travel time spent in this place.
 D = Time resting spent in this place.
 E = Time spent auto-exploring this place.
 F = Levels seen in this place.
 G = Mean time per level.
                   A        B        C        D        E       F      G
               +--------+--------+--------+--------+--------+-----+--------+
         Total |   7416 |   7129 |    287 |    437 |   4236 |  10 |  741.6 |
       Dungeon |   5962 |   5687 |    275 |      0 |   3927 |   7 |  851.7 |
        Temple |     39 |     27 |     12 |      0 |      2 |   1 |   39.0 |
       Ossuary |    811 |    811 |      0 |    137 |    262 |   1 |  811.0 |
        Bailey |    602 |    602 |      0 |    300 |     45 |   1 |  602.0 |
               +--------+--------+--------+--------+--------+-----+--------+

Top non-repeatable levels by time:
     D:6: 1667 daAuts
     D:1: 1186 daAuts
     D:4: 885 daAuts
 Ossuary: 811 daAuts
     D:3: 801 daAuts
     D:5: 759 daAuts
     D:2: 605 daAuts
  Bailey: 602 daAuts
     D:7: 57 daAuts
  Temple: 39 daAuts
